 Dungeon Crawl Stone Soup version 0.22.0 (webtiles) character file.

240 OlSheep the Insei (level 6, 25/29 HPs)
             Began as a Vine Stalker Transmuter on Aug 8, 2018.
             Quit the game on level 2 of the Dungeon on Aug 11, 2018.
             The game lasted 00:15:10 (3282 turns).

OlSheep the Insei (Vine Stalker Transmuter)         Turns: 3282, Time: 00:15:10

Health: 25/29      AC:  2    Str: 13    XL:     6   Next: 8%
Magic:  20/22      EV: 12    Int: 15    God:
Gold:   70         SH:  0    Dex: 14    Spells: 3/13 levels left

rFire    . . .     SeeInvis .     - Unarmed
rCold    . . .     Gourm    .   (no shield)
rNeg     . . .     Faith    .   b - +0 robe
rPois    .         Spirit   +   (no helmet)
rElec    .         Reflect  .   (no cloak)
rCorr    .         Harm     .   (no gloves)
MR       .....                  (no boots)
Stlth    +.........             (no amulet)
HPRegen  0.49/turn              e - ring of magical power
MPRegen  0.18/turn              (no ring)

@: slowed, very slow
A: fangs 2, regeneration 1, magic shield, antimagic bite, no potion heal 3, rot
immunity
a: no special abilities


You were on level 2 of the Dungeon.
You were hungry.

You visited 1 branch of the dungeon, and saw 3 of its levels.

You collected 70 gold pieces.

Inventory:

Armour
 b - a +0 robe (worn)
Jewellery
 e - a ring of magical power (left hand)
Scrolls
 f - a scroll of random uselessness {unknown}
 h - a scroll of immolation {unknown}
 j - 2 scrolls of teleportation {unknown}
 l - a scroll of noise {unknown}
 m - 2 scrolls of remove curse {unknown}
 o - a scroll of blinking {unknown}
 q - a scroll of enchant armour {unknown}
Potions
 a - a potion of berserk rage {unknown}
 c - a potion of ambrosia {unknown}
 g - a potion of lignification
 i - a potion of flight
 k - a potion of curing {unknown}
 n - a potion of brilliance {unknown}
Comestibles
 d - 10 rations
 p - 2 chunks of flesh


   Skills:
 + Level 0.9 Fighting
 - Level 1.5 Dodging
 + Level 4.3 Unarmed Combat
 + Level 4.2 Spellcasting
 + Level 3.3 Transmutations
 * Level 1.1 Poison Magic


You had 3 spell levels left.
You knew the following spells:

 Your Spells              Type           Power        Failure   Level  Hunger
a - Beastly Appendage     Tmut           ##....       4%          1    None
b - Sticks to Snakes      Tmut           ##......     7%          2    ##.....
c - Spider Form           Tmut/Pois      #.........   22%         3    ###....
d - Ice Form              Ice/Tmut       #.......     65%         4    ####...

Your spell library contained the following spells:

 Spells                   Type           Power        Failure   Level  Hunger
 Blade Hands              Tmut           ##........   77%         5    ######.


Dungeon Overview and Level Annotations

Branches:
Dungeon (3/15)

Altars:
Nemelex Xobeh


Innate Abilities, Weirdness & Mutations

You have extremely sharp teeth.
Your natural rate of healing is unusually fast.
When hurt, damage is shared between your health and your magic reserves.
Your bite disrupts and absorbs the magic of your enemies.
Potions cannot restore your health.
You are immune to rotting.


Message History

Your experience leads to an increase in your attributes!
Increase (S)trength, (I)ntelligence, or (D)exterity?
You feel clever.
Your transformation is almost over.
a - a red potion You see here the felid corpse of Natasha.
You see here the felid corpse of Natasha.
You butcher the felid corpse of Natasha.
p - 2 chunks of flesh You see here the felid skeleton of Natasha.
Your talons disappear.
Unknown command.
Save game and exit?
Welcome back, OlSheep the Vine Stalker Transmuter.
Press ? for a list of commands and other information.
Are you sure you want to abandon this character and quit the game? (Confirm with "yes".)
Okay, then.
Unknown command.
Unknown command.
Are you sure you want to abandon this character and quit the game? (Confirm with "yes".)

*,,,,****,,,,,,,,,***,,,,,,,**
*,*,** **,,...,,,,,,,,,,,,,**
*,*** **,...,******,***,,**
****÷**** **...** *,,,,,,**
,,,,,,,,* *#'#* **##*****,***
,***,**,* #.# **...** *,* * <*
*,**,*##** #.# *..⌠.⌠** *,* *
,* *,,,,,...####.###..._,,* *÷*
,* ****,*#......@....#⌠,⌠,* *,*
,******,*##.##...S.#.#*,,,***,*
,,,,,,,[* ***##...##,,,,,,,,,,*
********* ##.##************ #.#
#.# #.# #.# #.#


You could see a friendly ball python.

Vanquished Creatures
  An orc priest (D:3)
  Natasha (thrice) (D:2)
  An ooze (D:2)
  A worm (D:2)
  4 dart slugs
  2 leopard geckos (D:1)
  3 orcs (D:3)
  2 ball pythons
  11 bats
  2 giant cockroaches (D:1)
  11 hobgoblins
  2 jackals (D:2)
  2 kobolds
  3 quokkas (D:3)
  4 frilled lizards
  4 goblins (D:1)
  5 rats
61 creatures vanquished.

Vanquished Creatures (collateral kills)
  An ogre (D:2)
  2 adders (D:2)
  An ooze (D:2)
  A hobgoblin (D:2)
5 creatures vanquished.

Grand Total: 66 creatures vanquished

Notes
Turn   | Place    | Note
-------+----------+-------------------------------------------
     0 | D:1      | OlSheep the Vine Stalker Transmuter began the quest for the Orb.
     0 | D:1      | Reached XP level 1. HP: 9/9 MP: 4/4
   232 | D:1      | Reached XP level 2. HP: 7/14 MP: 6/6
   467 | D:1      | Learned a level 2 spell: Sticks to Snakes
   960 | D:1      | Reached XP level 3. HP: 14/17 MP: 5/7
  1256 | D:1      | Learned a level 3 spell: Spider Form
  1585 | D:2      | Found a sparkling altar of Nemelex Xobeh.
  1634 | D:2      | Gained mutation: Your natural rate of healing is unusually fast. [Vine Stalker growth]
  1634 | D:2      | Reached XP level 4. HP: 18/21 MP: 3/9
  1956 | D:2      | Noticed Natasha
  1965 | D:2      | Killed Natasha
  2042 | D:2      | Noticed an ogre
  2062 | D:2      | Killed an ogre
  2062 | D:2      | Reached XP level 5. HP: 25/25 MP: 2/11
  2068 | D:2      | Learned a level 4 spell: Ice Form
  3200 | D:2      | Noticed Natasha
  3209 | D:2      | Killed Natasha
  3209 | D:2      | Reached skill level 1 in Poison Magic
  3267 | D:2      | Noticed Natasha
  3270 | D:2      | Found a sparkling altar of Nemelex Xobeh.
  3275 | D:2      | Killed Natasha
  3275 | D:2      | Reached XP level 6. HP: 20/29 MP: 13/13
  3282 | D:2      | Upgraded the game from 0.22-b1-26-g9dbaab1112 to 0.22.0
  3282 | D:2      | Quit the game

Skill      XL: |  1  2  3  4  5 |
---------------+----------------+-----
Spellcasting   | 3 4 |  4.2
Unarmed Combat | 4 |  4.3
Transmutations | 3 |  3.3
Poison Magic   | 1 |  1.1
Fighting       | |  0.9
Dodging        | |  1.5

Action                   |  1- 3 |  4- 6 || total
-------------------------+-------+-------++-------
Melee: Unarmed           |   104 |    73 ||   177
       Bite              |    23 |    18 ||    41
       Kick              |    17 |     7 ||    24
       Headbutt          |     6 |    10 ||    16
       Punch             |       |     2 ||     2
 Cast: Beastly Appendage |    24 |    24 ||    48
       Sticks to Snakes  |     5 |     7 ||    12
  Use: Scroll            |     3 |       ||     3
 Stab: Distracted        |     2 |       ||     2
       Sleeping          |       |     1 ||     1
  Eat: Chunk             |     3 |     5 ||     8
Armor: Robe              |    23 |     8 ||    31
Dodge: Dodged            |    72 |    48 ||   120
